 Dungeon Crawl Stone Soup version 0.20.1-1-g8b1a95d (console) character file.

3052 hilaritas the Spear-Bearer (level 9, -5/105 HPs)
             Began as a Merfolk Gladiator on Feb 17, 2018.
             Was a Priest of Hepliaklqana.
             Slain by a two-headed ogre
             ... wielding a +0 giant club
              (7 damage)
             ... on level 8 of the Dungeon.
             The game lasted 00:19:55 (7589 turns).

hilaritas the Spear-Bearer (Merfolk Gladiator)      Turns: 7589, Time: 00:19:56

Health: -5/105     AC: 24    Str: 17    XL:     9   Next: 87%
Magic:  0/11       EV:  2    Int:  8    God:    Hepliaklqana [***...]
Gold:   266        SH:  0    Dex: 15    Spells: 8/8 levels left

rFire    + . .     SeeInvis .   a - +1 trident
rCold    + . .     Gourm    .   (no shield)
rNeg     + + +     Faith    .   (armour currently unavailable)
rPois    +         Spirit   +   (helmet currently unavailable)
rElec    .         Reflect  .   (cloak currently unavailable)
rCorr    .         Harm     .   (gloves currently unavailable)
MR       .....     NoTele   +   (boots currently unavailable)
Stlth    +.........             t - amulet of guardian spirit
Regen    0.3/turn               w - ring of protection from fire
MPRegen  0.2/turn               r - ring of protection from cold

@: tree-form
A: (change form in water), (swift swim), (stealthy swim), reduced essence
a: Recall Ancestor, Ancestor Identity, Transference, Renounce Religion


You were on level 8 of the Dungeon.
You worshipped Hepliaklqana.
Hepliaklqana was most pleased with you.
You were hungry.
You were a tree.
You visited 1 branch of the dungeon, and saw 8 of its levels.

You collected 266 gold pieces.

Inventory:

Hand Weapons
 a - a +1 trident (weapon)
Missiles
 d - 3 throwing nets (quivered)
 z - 8 tomahawks
Armour
 c - a +0 helmet (melded)
 e - a +1 ring mail (melded)
 y - a +0 pair of gloves (melded)
 C - a +2 shield
Jewellery
 g - an uncursed ring of flight
 k - an uncursed amulet of the gourmand
 r - a ring of protection from cold (right branch)
 t - an amulet of guardian spirit (around neck)
 w - a ring of protection from fire (left branch)
Wands
 B - a wand of clouds (7/9)
Scrolls
 i - 2 scrolls of remove curse
 l - 2 scrolls of enchant armour
 u - a scroll of teleportation
 x - a scroll of enchant weapon
Potions
 b - 2 potions of flight
 h - 3 potions of curing
 j - a potion of lignification
 m - 2 potions of heal wounds {unknown}
 n - a potion of berserk rage
 p - 2 potions of cancellation {unknown}
 q - a potion of invisibility {unknown}
 v - a potion of might {unknown}
 A - 3 potions of haste {unknown}
 D - 2 potions of ambrosia {unknown}
Comestibles
 f - 5 bread rations
 o - 3 meat rations
 s - 2 royal jellies


   Skills:
 - Level 10.0 Fighting
 - Level 10.0 Polearms
 - Level 2.0 Throwing
 + Level 2.1 Armour
 + Level 8.9 Dodging
 * Level 3.7 Invocations


You had 8 spell levels left.
You didn't know any spells.

Dungeon Overview and Level Annotations

Branches:
Dungeon (8/15)             Temple (0/1) D:4
   Lair: D:8-11

Altars:
Cheibriados
Dithmenos
Hepliaklqana
Makhleb
Qazlal
Ru
Sif Muna
Trog
Yredelemnul


Message History

The orc misses you. The orc warrior closely misses you.
The two-headed ogre hits you with a giant club!!
The two-headed ogre hits you with a giant spiked club!
Unknown command.
You puncture the two-headed ogre!
The two-headed ogre is severely wounded.
Aethelflaed hits the two-headed ogre with a dagger of draining.
The orc closely misses you.
The orc warrior hits you from afar with a trident!
* * * LOW HITPOINT WARNING * * *
Unknown command.
You turn into a tree.
Your +0 helmet melds into your body.
Your +0 pair of gloves melds into your body.
Your +1 ring mail melds into your body.
Your roots penetrate the ground.
Aethelflaed barely misses the two-headed ogre.
The orc hits you but does no damage.
The two-headed ogre hits you with a giant club!!
* * * LOW HITPOINT WARNING * * *
The two-headed ogre hits you with a giant spiked club!
You die...

.....##.....##
..............##
...............#
....o..........#
.......?.......#
......o........#
.......ooO.....#
........♣R.....#
..............##
#............##
........######
####.....#
#.....##<#
..##.. #.# . #.#
#.# .. #.# ..#
#.# #.. #.#


You could see the friendly Aethelflaed the hexer, a two-headed ogre, an orc
warrior, an orc priest, an orc wizard and an orc.

Vanquished Creatures
  The ghost of hilaritas the Chopper, an amateur BaBe of Trog (D:3)
  A water moccasin (D:7)
  A sky beast (D:6)
  2 orc warriors
  2 phantoms
  3 centaurs
  2 ogres (D:7)
  A bullfrog (D:7)
  A wight (D:6)
  3 killer bees (D:7)
  A howler monkey (D:4)
  3 crimson imps
  A bullfrog zombie (D:5)
  A jelly (D:6)
  A bullfrog skeleton (D:5)
  A hound (D:3)
  3 orc priests
  Jessica (D:2)
  2 iguanas
  4 orc wizards
  2 worker ants (D:4)
  A hound skeleton (D:7)
  7 adders
  8 gnolls
  2 shadow imps
  An ooze (D:1)
  3 worms
  4 leopard geckos
  17 orcs
  5 giant cockroaches
  5 goblins
  6 hobgoblins
  10 jackals
  11 kobolds
  2 quokkas (D:2)
  3 ball pythons
  4 bats
  5 frilled lizards
  A quokka skeleton (D:6)
  A quokka zombie (D:5)
  7 rats
140 creatures vanquished.

Vanquished Creatures (collateral kills)
  The ghost of hilaritas the Slasher, a novice DsGl of Okawaru (D:5)
  A yak (D:6)
  2 phantoms
  A bullfrog (D:8)
  A killer bee (D:7)
  A howler monkey (D:7)
  A crimson imp (D:5)
  A hound (D:5)
  An orc wizard (D:6)
  A gnoll (D:6)
  A worm (D:2)
  4 orcs
  A frilled lizard (D:2)
  A kobold (D:3)
  A rat (D:3)
  A plant (D:3)
20 creatures vanquished.

Vanquished Creatures (others)
  An ancestor (D:3)
1 creature vanquished.

Grand Total: 161 creatures vanquished

Notes
Turn   | Place    | Note
-------+----------+-------------------------------------------
     0 | D:1      | hilaritas the Merfolk Gladiator began the quest for the Orb.
     0 | D:1      | Reached XP level 1. HP: 16/16 MP: 1/1
    77 | D:1      | Reached XP level 2. HP: 21/23 MP: 2/2
   104 | D:1      | Reached skill level 5 in Polearms
   711 | D:1      | Reached XP level 3. HP: 28/28 MP: 3/3
  1271 | D:2      | Noticed Jessica
  1278 | D:2      | Killed Jessica
  1278 | D:2      | Reached XP level 4. HP: 34/34 MP: 4/4
  1475 | D:2      | Found a hazy altar of Hepliaklqana.
  1756 | D:2      | Became a worshipper of Hepliaklqana the Forgotten
  2265 | D:3      | Reached XP level 5. HP: 28/36 MP: 5/5
  2562 | D:3      | Reached * piety under Hepliaklqana
  2806 | D:3      | Noticed hilaritas's ghost (amateur BaBe)
  2835 | D:3      | Killed hilaritas's ghost
  2835 | D:3      | Reached XP level 6. HP: 22/42 MP: 6/6
  3103 | D:3      | Reached skill level 10 in Polearms
  3303 | D:3      | Found a bloodstained altar of Trog.
  3435 | D:4      | Noticed a phantom
  3471 | D:4      | Killed a phantom
  3471 | D:4      | Reached XP level 7. HP: 32/49 MP: 7/7
  3594 | D:4      | Found a staircase to the Ecumenical Temple.
  3770 | D:4      | Reached skill level 5 in Fighting
  4616 | D:5      | Entered Level 5 of the Dungeon
  4630 | D:5      | Reached XP level 8. HP: 37/58 MP: 5/8
  4813 | D:5      | Reached ** piety under Hepliaklqana
  4814 | D:5      | Remembered your ancestor Aethelflaed as a hexer
  4836 | D:5      | Found a burning altar of Makhleb.
  4854 | D:5      | Noticed hilaritas's ghost (novice DsGl)
  4876 | D:5      | Killed hilaritas's ghost
  4876 | D:5      | Reached skill level 5 in Dodging
  5803 | D:6      | Noticed a yak
  5813 | D:6      | Killed a yak
  5813 | D:6      | Reached XP level 9. HP: 61/68 MP: 7/9
  6139 | D:6      | Found a stormy altar of Qazlal.
  6144 | D:6      | Reached skill level 1 in Invocations
  6458 | D:6      | Found a shadowy altar of Dithmenos.
  6464 | D:6      | Reached *** piety under Hepliaklqana
  6520 | D:7      | Reached skill level 10 in Fighting
  6786 | D:7      | Reached skill level 1 in Armour
  7031 | D:7      | Found a sacrificial altar of Ru.
  7304 | D:7      | Found a deep blue altar of Sif Muna.
  7304 | D:7      | Found a snail-covered altar of Cheibriados.
  7304 | D:7      | Found a basalt altar of Yredelemnul.
  7576 | D:8      | Noticed a two-headed ogre
  7589 | D:8      | HP: 2/105 [two-headed ogre/giant club (17)]
  7589 | D:8      | Slain by a two-headed ogre

Skill      XL: |  1  2  3  4  5  6  7  8  9 |
---------------+----------------------------+-----
Polearms       | 5 6 7 9 10 | 10.0
Fighting       | 3 4 6 9 10 | 10.0
Dodging        | 6 8 |  8.9
Invocations    | 3 |  3.7
Armour         | 2 |  2.1
Throwing       | |  2.0

Action                   |  1- 3 |  4- 6 |  7- 9 || total
-------------------------+-------+-------+-------++-------
Melee: Trident           |   128 |   181 |   374 ||   683
       Tailslap          |       |     7 |       ||     7
Invok: Ancestor Identity |       |     1 |       ||     1
       Ancestor Life: He |       |       |     1 ||     1
  Use: Scroll            |     3 |     7 |     5 ||    15
       Potion            |       |       |     2 ||     2
 Stab: Sleeping          |     1 |       |       ||     1
       Distracted        |       |     1 |     3 ||     4
       Confused          |       |       |     3 ||     3
  Eat: Chunk             |     1 |     7 |    13 ||    21
Armor: Leather armour    |    18 |       |       ||    18
       Ring mail         |       |    38 |    74 ||   112
       Skin              |       |       |     1 ||     1
Dodge: Dodged            |    74 |    89 |   211 ||   374
